 Dungeon Crawl Stone Soup version 0.31-a0-210-gccc998df9b (webtiles) character file.

Game seed: 15481805882318812604

14798 qw the Skirmisher (level 12, -3/77 HPs)
             Began as a Gargoyle Hexslinger on June 29, 2023.
             Was an Elder of Okawaru.
             Slain by a death yak (4 damage)
             ... on level 2 of the Lair of Beasts.
             The game lasted 00:02:38 (6910 turns).

qw the Skirmisher (Gargoyle Hexslinger)             Turns: 6910, Time: 00:02:39

Health: -3/77      AC: 25    Str: 12    XL:     12   Next: 20%
Magic:  16/18      EV: 17    Int: 15    God:    Okawaru [****..]
Gold:   574        SH:  0    Dex: 22    Spells: 12/13 levels left

rFire   . . .        b - +6 arbalest "Damnation" {damnation}
rCold   . . .        (shield currently unavailable)
rNeg    + . .        m - +4 ring mail of the Enchanted Forest {Regen+ rCorr SInv}
rPois   inf          (no helmet)
rElec   +            (no cloak)
rCorr   +            j - +0 pair of gloves {infuse}
SInv    +            (no boots)
Will    .....        (no amulet)
Stlth   +++          r - +4 ring of protection
HPRegen 1.12/turn    n - ring "Usibbomm" {Wiz Dex+6}
MPRegen 0.16/turn

%: wizardry (x1), infuse magic (1 MP)
@: about to teleport, heroic
A: sickness immunity, AC +8, negative energy resistance 1, electricity
resistance, torment resistance 1, petrification resistance
a: Renounce Religion, Heroism, Finesse


You were on level 2 of the Lair of Beasts.
You worshipped Okawaru.
Okawaru was greatly pleased with you.
You visited 3 branches of the dungeon, and saw 12 of its levels.

You collected 700 gold pieces.
You spent 126 gold pieces at shops.


Innate Abilities, Weirdness & Mutations

You are immune to sickness and miasma.
Your stone body is resilient. (AC +8)
You are immune to poison.
You resist negative energy. (rN+)
You are resistant to electric shocks. (rElec)
You are resistant to unholy torment.
You are immune to petrification.


   Skills:
 - Level 10.0(15.0) Fighting
 + Level 14.1(19.1) Ranged Weapons
 - Level 4.1(9.1) Armour
 - Level 5.0(10.0) Dodging
 - Level 1.0 Spellcasting
 - Level 2.6 Hexes
 + Level 8.0 Invocations


You had 12 spell levels left.
You knew the following spells:

 Your Spells              Type           Power      Damage    Failure   Level
a - Slow                  Hex            32%        N/A       6%          1

Your spell library contained the following spells:

 Spells                   Type           Power      Damage    Failure   Level
 Inner Flame              Hex/Fire       4%         N/A       32%         3
 Portal Projectile        Hex/Tloc       8%         N/A       32%         3
 Cause Fear               Hex            4%         N/A       50%         4

Inventory:

Hand Weapons
 b - the +6 arbalest "Damnation" (weapon) {damnation}
   (You acquired it on level 2 of the Dungeon)
Armour
 j - a +0 pair of gloves of infusion (worn)
 m - the +4 ring mail of the Enchanted Forest (worn) {Regen+ rCorr SInv}
   (You acquired it on level 1 of the Lair of Beasts)

   SInv:      It lets you see invisible.
   Regen:     It increases your rate of health regeneration.
   rCorr:     It protects you from acid and corrosion.
Jewellery
 n - the ring "Usibbomm" (right hand) {Wiz Dex+6}
   (You acquired it on level 4 of the Dungeon)

   [ring of wizardry]

   It improves your spell success rate.
   Dex:       It affects your dexterity (+6).
 r - a +4 ring of protection (left hand)
Wands
 g - a wand of digging (3)
Scrolls
 c - 6 scrolls of identify
 d - 5 scrolls of teleportation
Potions
 a - a potion of heal wounds
 e - a potion of haste
 f - 5 potions of curing
 h - 2 potions of cancellation
 p - a potion of enlightenment

Dungeon Overview and Level Annotations

Branches:
Dungeon (8/15)             Temple (1/1) D:6            Lair (3/5) D:8
  Swamp: Lair:2-3    Shoals: Lair:2-3     Snake: Lair:2-3    Spider: Lair:2-3

Altars:
Ashenzari
Cheibriados
Dithmenos
Elyvilon
Fedhas
Gozag
Kikubaaqudgha
Makhleb
Nemelex Xobeh
Okawaru
Qazlal
Ru
Vehumet
Wu Jian
Xom
Yredelemnul
Zin
The Shining One

Shops:
D:1 ?*([[   D:5 :

Annotations:
D:7 3 runed translucent doors, qw's ghost, novice DEHu
Lair:1 1 runed translucent door, qw's ghost, journeyman DEHu


Message History

The death yak is moderately wounded.
The yak misses you. The death yak misses you. The death yak gores you.
The death yak gores you but does no damage.
The death yak gores you!! The yak closely misses you.
You shoot a damnation bolt. The damnation bolt hits the death yak!!
The death yak is heavily wounded.
The damnation bolt explodes!
The damnation engulfs the death yak!
The death yak is severely wounded.
The damnation engulfs the death yak!
The death yak is moderately wounded.
The damnation engulfs the death yak!!
The death yak is moderately wounded.
The damnation engulfs the death yak!!
The death yak is heavily wounded.
The damnation engulfs the yak!
You kill the yak!
Okawaru accepts your kill. The yak misses you. The death yak gores you!
The death yak gores you but does no damage.
The death yak closely misses you. The death yak gores you.
The death yak gores you but does no damage.
The death yak closely misses you. The death yak gores you!
The yak completely misses you. The death yak gores you.
The death yak gores you!!
Your Invocations skill increases to level 8!
6908 ||| STAIRDANCE The yak gores you but does no damage.
The death yak barely misses you. The death yak closely misses you.
The death yak gores you but does no damage.
The death yak misses you. The death yak completely misses you.
You climb upwards.
There is a stone staircase leading down here.
6910 ||| READING 6 scrolls of teleportation.
As you read the scroll of teleportation, it crumbles to dust.
You feel strangely unstable.
The death yak gores you but does no damage.
The death yak gores you. The yak misses you.
The death yak gores you but does no damage.
The death yak gores you! The death yak gores you.
You die...

##..##.....## ##...
#...#.......#####..
##............##...
#............P..##
#..............###
######
##...............#
##.P..###
##................#
###P....#.#
#.YYY.............##
.........##
##Y@.........<......
.........#
##YY..............#
.........#
##.................
.........#
##..#...............
........##
#..#.#..............
...##P#.#
####..######...(......P
#..######
#.....P########P....PP.
###..## ##.........###
###.#.#..
#.#..####........(...###
######.


You could see 5 death yaks and a yak.

Vanquished Creatures
  Gastronok (Lair:1)
  Fannar (Lair:1)
  A boulder beetle (D:7)
  4 elephants (Lair:1)
  A black mamba (Lair:2)
  5 cane toads
  Maggie (D:6)
  3 komodo dragons
  A troll (D:8)
  5 blink frogs
  A wraith (D:8)
  11 yaks
  3 wyverns
  2 basilisks
  A steam dragon (D:6)
  2 hell hounds (Lair:1)
  8 water moccasins
  2 ice beasts
  2 sky beasts (D:7)
  10 wolves
  2 black bears (D:5)
  2 ogres
  2 kobold brigands (D:7)
  8 bullfrogs
  A gnoll sergeant (D:6)
  A scorpion (D:5)
  A killer bee (D:7)
  A howler monkey (D:8)
  4 electric eels (D:8)
  7 hounds
  2 orc priests
  A jelly (D:5)
  A gnoll bouda (D:6)
  5 iguanas
  A sleepcap (D:7)
  Ijyb (D:3)
  9 orc wizards
  10 adders
  8 gnolls (D:6)
  2 shadow imps
  2 white imps
  2 ufetubi (D:6)
  A worm (D:2)
  3 dart slugs
  32 orcs
  3 ball pythons
  2 bats (D:2)
  12 endoplasms
  4 giant cockroaches
  5 goblins
  4 hobgoblins
  3 jackals (D:1)
  3 quokkas
  3 frilled lizards
  3 kobolds
  2 rats (D:3)
218 creatures vanquished.

Notes
Turn   | Place    | Note
-------+----------+-------------------------------------------
     0 | D:1      | qw the Gargoyle Hexslinger began the quest for the Orb.
     0 | D:1      | Reached XP level 1. HP: 12/12 MP: 2/2
     0 | D:1      | 0 ||| qw: Version: 0.3-a-24-ga2abf7b
     0 | D:1      | 0 ||| qw: Game counter: 6855
     0 | D:1      | 0 ||| qw: Melee chars always use a shield: true
     0 | D:1      | 0 ||| qw: God list: Okawaru
     0 | D:1      | 0 ||| qw: Allow faded altars: false
     0 | D:1      | 0 ||| qw: Do Orc after clearing Dungeon:15 true
     0 | D:1      | 0 ||| qw: Do second Lair branch before Depths: true
     0 | D:1      | 0 ||| qw: Lair rune preference: random
     0 | D:1      | 0 ||| qw: Goals: Normal
     0 | D:1      | 0 ||| PLANNING D:1-11
   207 | D:1      | Found Beloiq's Antique Armour Emporium.
   212 | D:1      | 212 ||| SHOPLISTING helmet (81 gold, have 22).
   212 | D:1      | 212 ||| SHOPLISTING pair of boots (81 gold, have 22).
   212 | D:1      | 212 ||| SHOPLISTING ring mail (72 gold, have 22).
   319 | D:1      | Found a faded altar of an unknown god.
   331 | D:1      | Found Ceboquv's Assorted Antiques.
   342 | D:1      | Reached XP level 2. HP: 16/16 MP: 3/3
   360 | D:1      | 360 ||| BUYING clear potion (20 gold).
   360 | D:1      | Bought a clear potion for 20 gold pieces
   360 | D:1      | 360 ||| SHOPLISTING leather armour (46 gold, have 2).
   360 | D:1      | 360 ||| SHOPLISTING pair of gloves (103 gold, have 2).
   360 | D:1      | 360 ||| SHOPLISTING scroll labelled UMPIRI DOUWOWK (23
                  | gold, have 2).
   360 | D:1      | 360 ||| SHOPLISTING yellow potion (20 gold, have 2).
   379 | D:1      | Found Egegh's Magic Scroll Boutique.
   388 | D:1      | 388 ||| BUYING scroll of teleportation (30 gold).
   388 | D:1      | Bought a scroll of teleportation for 30 gold pieces
   388 | D:1      | 388 ||| SHOPLISTING scroll of teleportation (30 gold, have
                  | 10).
   415 | D:1      | Reached skill level 3 in Ranged Weapons
   578 | D:1      | Found Kiplan's Weapon Boutique.
   583 | D:1      | Found Xaiph's Antique Armour Shop.
   596 | D:1      | Reached XP level 3. HP: 21/21 MP: 4/4
   609 | D:1      | 609 ||| SHOPLISTING cloak (85 gold, have 77).
   609 | D:1      | 609 ||| SHOPLISTING pair of glowing boots (142 gold, have
                  | 77).
   609 | D:1      | 609 ||| BUYING ring mail (76 gold).
   609 | D:1      | Bought a ring mail for 76 gold pieces
   824 | D:1      | 824 ||| UPGRADING to +0 leather armour.
   834 | D:1      | 834 ||| DROPPING +0 robe.
   835 | D:1      | 835 ||| UPGRADING to +0 ring mail.
   845 | D:1      | 845 ||| DROPPING +0 leather armour.
   846 | D:1      | 846 ||| READING scroll labelled XUNUAL ZAAK.
   847 | D:1      | 847 ||| DRINKING 2 clear potions.
   848 | D:1      | 848 ||| DROPPING scroll of poison.
   922 | D:2      | HP: 3/21 [frozen (3)]
   923 | D:2      | 923 ||| READING 2 scrolls of teleportation.
  1313 | D:2      | 1313 ||| UPGRADING to ring of see invisible.
  1314 | D:2      | 1314 ||| READING scroll labelled LIPSI QYRCH.
  1415 | D:2      | 1415 ||| READING scroll labelled JEWI YDEEPEI.
  1415 | D:2      | Identified a scroll of acquirement
  1415 | D:2      | 1415 ||| ACQUIRING +6 arbalest "Damnation" {damnation}
  1415 | D:2      | Acquired the +6 arbalest "Damnation" {damnation}
  1415 | D:2      | Found the +6 arbalest "Damnation" {damnation}
  1417 | D:2      | 1417 ||| SWAPPING to +6 arbalest "Damnation" {damnation}.
  1418 | D:2      | 1418 ||| DROPPING +1 sling.
  1419 | D:2      | 1419 ||| DRINKING 2 fuming purple potions.
  1420 | D:2      | 1420 ||| READING 2 scrolls of identify.
  1420 | D:2      | 1420 ||| IDENTIFYING orange potion
  1421 | D:2      | 1421 ||| DROPPING potion of degeneration.
  1478 | D:3      | Reached XP level 4. HP: 26/26 MP: 5/5
  1551 | D:3      | Reached skill level 4 in Ranged Weapons
  1560 | D:3      | Noticed Ijyb
  1562 | D:3      | Killed Ijyb
  1563 | D:3      | Reached skill level 1 in Armour
  1598 | D:3      | Reached XP level 5. HP: 26/30 MP: 6/6
  1639 | D:3      | 1639 ||| FLEEEEING.
  1640 | D:3      | 1640 ||| FLEEEEING.
  1641 | D:3      | 1641 ||| FLEEEEING.
  1642 | D:3      | 1642 ||| FLEEEEING.
  1643 | D:3      | 1643 ||| FLEEEEING.
  1644 | D:3      | 1644 ||| STAIRDANCE
  1657 | D:2      | 1657 ||| DROPPING amulet of magic regeneration.
  1981 | D:3      | 1981 ||| READING scroll labelled REPYGO VAKKOGH.
  1982 | D:3      | 1982 ||| READING 2 scrolls of identify.
  1982 | D:3      | 1982 ||| IDENTIFYING pink potion
  2047 | D:4      | Reached skill level 5 in Ranged Weapons
  2060 | D:4      | 2060 ||| READING scroll of acquirement.
  2060 | D:4      | 2060 ||| ACQUIRING ring "Usibbomm" {Wiz Dex+6}
  2060 | D:4      | Acquired the ring "Usibbomm" {Wiz Dex+6}
  2118 | D:4      | Found a sparkling altar of Nemelex Xobeh.
  2153 | D:4      | Reached skill level 3 in Fighting
  2153 | D:4      | Reached XP level 6. HP: 37/37 MP: 7/7
  2234 | D:4      | Found a glowing golden altar of the Shining One.
  2250 | D:4      | You fall into a shaft and drop 1 floor!
  2250 | D:5      | Entered Level 5 of the Dungeon
  2257 | D:5      | 2257 ||| UPGRADING to ring "Usibbomm" {Wiz Dex+6}.
  2258 | D:5      | 2258 ||| DROPPING ring of resist corrosion.
  2259 | D:5      | 2259 ||| READING scroll labelled UMPIRI DOUWOWK.
  2260 | D:5      | 2260 ||| READING 2 scrolls labelled MORUXU KIETT.
  2287 | D:5      | 2287 ||| DRINKING 2 smoky dark potions.
  2308 | D:5      | 2308 ||| READING 2 scrolls of identify.
  2308 | D:5      | 2308 ||| IDENTIFYING fuming black potion
  2309 | D:5      | 2309 ||| DROPPING potion of lignification.
  2310 | D:5      | 2310 ||| DROPPING scroll of torment.
  2599 | D:4      | 2599 ||| READING 2 scrolls of identify.
  2599 | D:4      | 2599 ||| IDENTIFYING viscous green potion
  2600 | D:4      | 2600 ||| DROPPING potion of magic.
  2611 | D:5      | Noticed a black bear
  2613 | D:5      | Killed a black bear
  2647 | D:5      | Reached skill level 6 in Ranged Weapons
  2653 | D:5      | Reached XP level 7. HP: 43/43 MP: 8/8
  2666 | D:5      | Reached skill level 7 in Ranged Weapons
  2762 | D:5      | Found Omnuan's Book Shop.
  3006 | D:5      | 3006 ||| READING scroll labelled TASODD XUPNIAT.
  3007 | D:5      | 3007 ||| READING scroll labelled TICOSU URESUFFATUSH.
  3008 | D:5      | 3008 ||| DRINKING 2 green potions.
  3009 | D:5      | 3009 ||| DRINKING 2 cyan potions.
  3010 | D:5      | 3010 ||| DROPPING potion of attraction.
  3011 | D:5      | 3011 ||| DROPPING potion of brilliance.
  3029 | D:6      | Found a shimmering altar of Xom.
  3030 | D:6      | Found a shimmering altar of Xom.
  3085 | D:6      | Noticed a steam dragon
  3087 | D:6      | Reached XP level 8. HP: 48/48 MP: 9/9
  3088 | D:6      | Reached skill level 8 in Ranged Weapons
  3093 | D:6      | Noticed Maggie
  3096 | D:6      | Killed Maggie
  3097 | D:6      | Reached skill level 6 in Fighting
  3186 | D:6      | Found a staircase to the Ecumenical Temple.
  3187 | D:6      | 3187 ||| PLANNING TEMPLE
  3187 | D:6      | 3187 ||| UPGRADING to +0 acid dragon scales.
  3194 | D:6      | 3194 ||| UPGRADING to +0 acid dragon scales.
  3199 | D:6      | 3199 ||| DROPPING +0 ring mail.
  3200 | D:6      | 3200 ||| READING 2 scrolls of enchant armour.
  3200 | D:6      | 3200 ||| ENCHANTING +0 acid dragon scales.
  3201 | D:6      | 3201 ||| READING scroll of enchant armour.
  3201 | D:6      | 3201 ||| ENCHANTING +1 acid dragon scales.
  3215 | D:6      | Reached skill level 9 in Ranged Weapons
  3221 | Temple   | Entered the Ecumenical Temple
  3222 | Temple   | 3222 ||| PLANNING OKAWARU WORSHIP
  3300 | Temple   | Became a worshipper of Warmaster Okawaru
  3301 | Temple   | 3301 ||| PLANNING D:1-11
  3618 | D:6      | 3618 ||| READING scroll labelled TUATTURROD.
  3619 | D:6      | 3619 ||| READING 4 scrolls of identify.
  3619 | D:6      | 3619 ||| IDENTIFYING glowing green potion
  3620 | D:6      | 3620 ||| READING 3 scrolls of identify.
  3620 | D:6      | 3620 ||| IDENTIFYING fuming ruby potion
  3621 | D:6      | 3621 ||| DROPPING potion of ambrosia.
  3667 | D:7      | Found a runed translucent gate.
  3668 | D:7      | Found a runed translucent gate.
  3669 | D:7      | Found a runed translucent gate.
  3677 | D:7      | Noticed qw's ghost (novice DEHu)
  3692 | D:7      | Reached skill level 3 in Dodging
  3692 | D:7      | Reached XP level 9. HP: 55/55 MP: 10/10
  3731 | D:7      | Found an ancient bone altar of Kikubaaqudgha.
  3875 | D:7      | Reached skill level 10 in Ranged Weapons
  3912 | D:7      | Reached * piety under Okawaru
  3917 | D:7      | Reached skill level 1 in Invocations
  3952 | D:7      | Reached skill level 3 in Invocations
  3952 | D:7      | 3952 ||| FLEEEEING.
  3954 | D:7      | 3954 ||| FLEEEEING.
  3955 | D:7      | 3955 ||| FLEEEEING.
  3956 | D:7      | 3956 ||| FLEEEEING.
  3957 | D:7      | 3957 ||| FLEEEEING.
  4008 | D:7      | Noticed a boulder beetle
  4009 | D:7      | 4009 ||| INVOKING Heroism.
  4014 | D:7      | Killed a boulder beetle
  4015 | D:7      | Reached skill level 11 in Ranged Weapons
  4015 | D:7      | Reached XP level 10. HP: 50/63 MP: 9/13
  4248 | D:7      | 4248 ||| READING scroll labelled TEMAUZIRAA.
  4321 | D:8      | Reached ** piety under Okawaru
  4349 | D:8      | 4349 ||| INVOKING Heroism.
  4354 | D:8      | Reached skill level 3 in Armour
  4375 | D:8      | 4375 ||| INVOKING Heroism.
  4394 | D:8      | 4394 ||| INVOKING Heroism.
  4415 | D:8      | Found a staircase to the Lair.
  4716 | D:8      | Found a basalt altar of Yredelemnul.
  4785 | D:8      | Found a glowing silver altar of Zin.
  4828 | D:8      | 4828 ||| PLANNING LAIR
  4828 | D:8      | 4828 ||| UPGRADING to +0 pair of gloves of infusion.
  4847 | Lair:1   | Entered Level 1 of the Lair of Beasts
  4896 | Lair:1   | Reached *** piety under Okawaru
  4993 | Lair:1   | Noticed an elephant
  4993 | Lair:1   | Noticed an elephant
  4994 | Lair:1   | Noticed an elephant
  4994 | Lair:1   | Noticed an elephant
  4997 | Lair:1   | Reached skill level 12 in Ranged Weapons
  4997 | Lair:1   | Killed an elephant
  4997 | Lair:1   | Killed an elephant
  5002 | Lair:1   | Killed an elephant
  5002 | Lair:1   | Received a gift from Okawaru
  5002 | Lair:1   | Killed an elephant
  5002 | Lair:1   | Reached **** piety under Okawaru
  5003 | Lair:1   | Reached skill level 13 in Ranged Weapons
  5003 | Lair:1   | Reached XP level 11. HP: 59/68 MP: 14/14
  5063 | Lair:1   | Found a dark tunnel.
  5210 | Lair:1   | 5210 ||| INVOKING Heroism.
  5269 | Lair:1   | 5269 ||| INVOKING Heroism.
  5285 | Lair:1   | Noticed Gastronok
  5290 | Lair:1   | 5290 ||| FLEEEEING.
  5291 | Lair:1   | 5291 ||| FLEEEEING.
  5303 | Lair:1   | 5303 ||| INVOKING Heroism.
  5304 | Lair:1   | Killed Gastronok
  5304 | Lair:1   | Received a gift from Okawaru
  5305 | Lair:1   | Reached skill level 9 in Fighting
  5337 | Lair:1   | 5337 ||| READING scroll of acquirement.
  5337 | Lair:1   | 5337 ||| ACQUIRING +4 ring mail of the Enchanted Forest
                  | {Regen+ rCorr SInv}
  5337 | Lair:1   | Acquired the +4 ring mail of the Enchanted Forest {Regen+
                  | rCorr SInv}
  5339 | Lair:1   | 5339 ||| UPGRADING to +4 ring mail of the Enchanted Forest
                  | {Regen+ rCorr SInv}.
  5349 | Lair:1   | 5349 ||| REMOVING ring of see invisible.
  5350 | Lair:1   | 5350 ||| DROPPING +2 acid dragon scales.
  5387 | Lair:1   | 5387 ||| INVOKING Heroism.
  5417 | Lair:1   | Found a runed translucent door.
  5419 | Lair:1   | Noticed qw's ghost (journeyman DEHu)
  5420 | Lair:1   | Identified the +6 spear of Distraction {heavy, Dex+4}
  5494 | Lair:1   | Identified the +5 spear "Lupotimu" {heavy, Fly rF- Int+6
                  | Stlth+}
  5794 | Lair:1   | 5794 ||| DROPPING ring of see invisible.
  5795 | Lair:1   | 5795 ||| UPGRADING to +4 ring of protection.
  5796 | Lair:1   | 5796 ||| READING scroll labelled ZIUPSO SOOMN.
  5821 | Lair:2   | Noticed Fannar
  5825 | Lair:2   | 5825 ||| INVOKING Heroism.
  5832 | Lair:2   | 5832 ||| STAIRDANCE
  5834 | Lair:1   | HP: 14/72 [Fannar/staff of cold (16)]
  5835 | Lair:1   | 5835 ||| READING 7 scrolls of teleportation.
  5836 | Lair:1   | 5836 ||| DRINKING potion of heal wounds.
  5838 | Lair:1   | Killed Fannar
  5905 | Lair:1   | 5905 ||| INVOKING Heroism.
  5908 | Lair:1   | Reached skill level 6 in Invocations
  5943 | Lair:1   | 5943 ||| READING 6 scrolls of identify.
  5943 | Lair:1   | 5943 ||| IDENTIFYING yellow potion
  5944 | Lair:1   | 5944 ||| DROPPING potion of berserk rage.
  5968 | Lair:2   | 5968 ||| STAIRDANCE
  5970 | Lair:1   | 5970 ||| INVOKING Heroism.
  6046 | Lair:2   | 6046 ||| INVOKING Heroism.
  6051 | Lair:2   | Reached skill level 14 in Ranged Weapons
  6065 | Lair:2   | 6065 ||| STAIRDANCE
  6149 | Lair:2   | Reached XP level 12. HP: 77/77 MP: 17/17
  6171 | Lair:2   | 6171 ||| FLEEEEING.
  6172 | Lair:2   | 6172 ||| FLEEEEING.
  6173 | Lair:2   | 6173 ||| FLEEEEING.
  6174 | Lair:2   | 6174 ||| INVOKING Heroism.
  6490 | Lair:2   | Identified the +2 scale mail of Siocried {Will- Dex+4}
  6899 | Lair:3   | Noticed a death yak
  6900 | Lair:3   | 6900 ||| INVOKING Heroism.
  6901 | Lair:3   | Noticed a death yak
  6903 | Lair:3   | Noticed a death yak
  6904 | Lair:3   | Noticed a death yak
  6905 | Lair:3   | Noticed a death yak
  6907 | Lair:3   | HP: 6/77 [death yak (19)]
  6908 | Lair:3   | 6908 ||| STAIRDANCE
  6910 | Lair:2   | 6910 ||| READING 6 scrolls of teleportation.
  6910 | Lair:2   | HP: 1/77 [death yak (8)]
  6910 | Lair:2   | Slain by a death yak

Levels and vault maps discovered:
D:1:      dpeg_arrival_castle, layout_basic, serial_shops,
          nicolae_shop_competitors_out_of_business, shop,
          nicolae_shop_tiny_waterfront, shop, shop,
          dreamdust_ecumenical_altar_grove
D:2:      layout_rooms, hangedman_decor_lopped
D:3:      layout_rooms, st_stairs_7, minmay_strange_pillars, minmay_quantized,
          uniq_ijyb
D:4:      layout_cave_pools, mainiacjoe_overflow_large_starburst, serial_forest,
          infiniplex_forest_end_2, infiniplex_forest_corner_2,
          infiniplex_forest_lined_corner, infiniplex_forest_lined_3,
          infiniplex_forest_lined_room_, minmay_cupped
D:5:      layout_rooms, kennysheep_windowed_goal
D:6:      layout_cave_pools, xom_redecorated,
          minmay_temple_entry_statues_pillars, chequers_serial_rivers_small_b,
          corexii_shack, uniq_maggie
D:7:      minmay_s_stair_smasher, layout_basic,
          nicolae_kikubaaqudgha_miasma_corner, gammafunk_ghost_split
D:8:      layout_loops_ring, kennysheep_little_box,
          mainiacjoe_overflow_brackets, erik_lair_island
Temple:   nicolae_temple_x_marks_the_god
Lair:1:   layout_chaotic_city, ebering_ghost_funeral_grove, enter_volcano_3,
          small_statue_intersection, cheibrodos_lair_reptile_den, uniq_gastronok
Lair:2:   layout_cave_pods, lemuel_fruit_fields, uniq_fannar
Lair:3:   layout_regular_city, elwin_shoals_entry_rocks,
          spider_nest_entry_funnel_web, ebering_ghost_disaster_area,
          nicolae_lair_lindhole

Skill      XL: |  1  2  3  4  5  6  7  8  9 10 11 12 |
---------------+-------------------------------------+-----
Ranged Weapons | 3 4 5 6 7 9 11 13 14 | 14.1
Fighting       | 2 3 4 6 7 8 10 | 10.0
Armour         | 1 2 3 4 |  4.1
Dodging        | 2 3 4 5 |  5.0
Invocations    | 4 7 8 |  8.0
Spellcasting   | |  1.0
Hexes          | |  2.6

Action                     |  1- 3 |  4- 6 |  7- 9 | 10-12 || total
---------------------------+-------+-------+-------+-------++-------
   Fire: Sling             |   115 |       |       |       ||   115
         Arbalest          |     7 |    49 |   121 |   128 ||   305
 Invoke: Heroism           |       |       |     1 |    13 ||    14
    Use: Scroll            |     5 |     7 |     7 |     6 ||    25
         Potion            |     2 |     1 |     2 |     1 ||     6
 Armour: Robe              |     6 |       |       |       ||     6
         Ring mail         |    23 |     7 |    12 |    29 ||    71
         Acid dragon scale |       |       |     6 |    12 ||    18
  Dodge: Dodged            |    45 |     3 |    20 |    55 ||   123

Table legend:
 A = Non-vault XP
 B = Vault XP
 C = Vault XP percentage of total XP
 D = Non-vault monster count
 E = Vault monster count
 F = Vault count percentage of total count
                 A         B        C        D         E       F
            +---------+---------+-------+---------+---------+-------
      Total |   15214 |    5927 |  28.0 |     171 |      47 |  21.6
            +---------+---------+-------+---------+---------+-------
        D:1 |      38 |       0 |   0.0 |      18 |       0 |   0.0
        D:2 |      38 |       0 |   0.0 |      13 |       0 |   0.0
        D:3 |      83 |      47 |  36.2 |      13 |       7 |  35.0
        D:4 |     140 |      52 |  27.1 |      11 |       2 |  15.4
        D:5 |     484 |     139 |  22.3 |      13 |       3 |  18.8
        D:6 |     860 |     385 |  30.9 |      32 |       1 |   3.0
        D:7 |    1538 |    1146 |  42.7 |      18 |      16 |  47.1
        D:8 |     841 |     793 |  48.5 |       9 |       7 |  43.8
     Lair:1 |    5244 |    3365 |  39.1 |      18 |      11 |  37.9
     Lair:2 |    4900 |       0 |   0.0 |      21 |       0 |   0.0
     Lair:3 |    1048 |       0 |   0.0 |       5 |       0 |   0.0
            +---------+---------+-------+---------+---------+-------
